 Dungeon Crawl Stone Soup version 0.26-a0-710-g95a0c6c400 (webtiles) character file.

Game seed: 6472362714737098986

448 Ijustatesigmund the Cudgeler (level 7, -18/49 HPs)
             Began as an Octopode Fighter on Oct 30, 2020.
             Demolished by an ogre
             ... wielding a +0 giant spiked club
              (22 damage)
             ... on level 4 of the Dungeon.
             The game lasted 00:07:29 (3090 turns).

Ijustatesigmund the Cudgeler (Octopode Fighter)     Turns: 3090, Time: 00:07:29

Health: -18/49     AC:  1    Str: 16    XL:     7   Next: 4%
Magic:  7/7        EV: 11    Int: 11    God:
Gold:   110        SH:  9    Dex: 12    Spells: 5/6 levels left

rFire    . . .     SeeInvis .   a - +1 flail
rCold    . . .     Faith    .   b - +1 kite shield
rNeg     . . .     Spirit   .   (helmet restricted)
rPois    .         Reflect  .   m - amulet of regeneration
rElec    .         Harm     .   q - ring of resist corrosion
rCorr    +         Rampage  .   o - ring of wizardry
MR       .....                  (no ring)
Stlth    +++.......             (no ring)
HPRegen  0.56/turn              (no ring)
MPRegen  0.10/turn              (no ring)
                                (no ring)
                                (no ring)

@: no status effects
A: almost no armour, stealthy swim, amphibious, 8 rings, constrict 8, camouflage
1, gelatinous body 1
a: no special abilities


You were on level 4 of the Dungeon.
You visited 1 branch of the dungeon, and saw 4 of its levels.

You collected 110 gold pieces.

Inventory:

Hand Weapons
 a - a +1 flail (weapon)
Missiles
 r - 3 datura-tipped darts (quivered)
Armour
 b - a +1 kite shield (worn)
Jewellery
 h - an uncursed amulet of reflection
 m - an amulet of regeneration (around mantle)
 o - a ring of wizardry (right tentacle)
 q - a ring of resist corrosion (left tentacle)
Wands
 d - a wand of polymorph (7)
 n - a wand of random effects (21)
Scrolls
 j - 2 scrolls of remove curse
 s - 2 scrolls of identify
Potions
 c - a potion of might
 e - 2 potions of resistance
 f - 2 potions of invisibility
 g - 2 potions of curing
 i - a potion of lignification
 k - a potion of cancellation
 l - a potion of haste
 p - a potion of brilliance


   Skills:
 + Level 4.8 Fighting
 + Level 5.1 Maces & Flails
 - Level 3.0 Dodging
 - Level 4.0 Stealth
 - Level 3.0 Shields
 + Level 1.4 Translocations


You had 5 spell levels left.
You knew the following spells:

 Your Spells              Type           Power        Failure   Level
a - Apportation           Tloc           #.....       34%         1

Your spell library contained the following spells:

 Spells                   Type           Power        Failure   Level
 Animate Skeleton         Necr           #.....       52%         1
 Corona                   Hex            #......      52%         1
 Pain                     Necr           #...         52%         1
 Summon Small Mammal      Summ           #...         52%         1
 Vampiric Draining        Necr           #.........   86%         3
 Animate Dead             Necr           #.........   99%         4
 Agony                    Necr           #.......     100%        5


Dungeon Overview and Level Annotations

Branches:
Dungeon (4/15)
 Temple: D:4-7

Altars:
Zin


Innate Abilities, Weirdness & Mutations

You cannot wear most types of armour.
You are very stealthy in the water. (Stealth+)
You are amphibious.
You can wear up to eight rings at the same time.
You can use your tentacles to constrict eight enemies at once.
Your skin changes colour to match your surroundings (Stealth+).
Your rubbery body absorbs attacks. (AC +1, EV +1)


Message History

An iguana comes into view.
The ogre shouts!
The ogre hits the iguana with a +0 giant spiked club!!!
The iguana dies!
Found a dagger.
The ogre shouts! x2
Evoke which item? (* to show all) (? for menu, Esc to quit)
Press: ? - help, Shift-Dir - straight line, f/p - ogre
Aim: an ogre, wielding a +0 giant spiked club (fast, strong, frenzied and insane)
The ogre resists with significant effort.
The ogre hits you with a +0 giant spiked club!
The ogre hits you with a +0 giant spiked club!!
Ouch! That really hurt!
* * * LOW HITPOINT WARNING * * *
The ogre shouts!
The ogre is no longer moving quickly.
The ogre no longer looks unusually strong.
The ogre is no longer in an insane frenzy.
The ogre hits you with a +0 giant spiked club!!
You die...

.............####+#####.
.............# ........
##......†....# .........
#...........##........÷
..######.......##+######
..#. #.......... ## #..
#.......... #.
#...####..#....) ###.
#....@O...#####+ #...
#.#######..# #.#. #.#
##.#+ .# #.... .. #....
#.# +.... .. #....
.##.###### ........


You could see an ogre (slow).

Vanquished Creatures
  Sigmund (D:2)
  An ogre (D:4)
  Crazy Yiuf (D:2)
  Natasha (D:4)
  An orc wizard (D:3)
  Robin (D:2)
  3 adders
  An ooze (D:2)
  A worm (D:3)
  A dart slug (D:3)
  2 leopard geckos
  4 orcs (D:3)
  8 bats
  A giant cockroach (D:3)
  8 hobgoblins
  2 quokkas
  2 ball pythons
  3 frilled lizards
  18 goblins
  6 kobolds
  5 rats (D:1)
71 creatures vanquished.

Vanquished Creatures (collateral kills)
  An iguana (D:4)
1 creature vanquished.

Grand Total: 72 creatures vanquished

Notes
Turn   | Place    | Note
-------+----------+-------------------------------------------
     0 | D:1      | Ijustatesigmund the Octopode Fighter began the quest for
                  | the Orb.
     0 | D:1      | Reached XP level 1. HP: 16/16 MP: 1/1
   266 | D:1      | Reached XP level 2. HP: 20/21 MP: 2/2
   836 | D:1      | Reached skill level 3 in Maces & Flails
   869 | D:1      | Reached XP level 3. HP: 26/26 MP: 3/3
  1049 | D:2      | Noticed Robin
  1072 | D:2      | Reached skill level 1 in Stealth
  1139 | D:2      | Noticed Sigmund
  1155 | D:2      | Killed Sigmund
  1155 | D:2      | Reached skill level 4 in Maces & Flails
  1155 | D:2      | Reached XP level 4. HP: 30/33 MP: 4/4
  1155 | D:2      | Reached XP level 5. HP: 33/37 MP: 5/5
  1314 | D:2      | Killed Robin
  1314 | D:2      | Reached XP level 6. HP: 34/43 MP: 6/6
  1579 | D:2      | Found a runed translucent door.
  1580 | D:2      | Noticed Crazy Yiuf
  1823 | D:2      | Killed Crazy Yiuf
  1984 | D:3      | Learned a level 1 spell: Apportation
  2008 | D:3      | Found a glowing silver altar of Zin.
  2837 | D:4      | Reached skill level 5 in Maces & Flails
  2837 | D:4      | Reached skill level 1 in Translocations
  3063 | D:4      | Noticed Natasha
  3065 | D:4      | Killed Natasha
  3065 | D:4      | Reached XP level 7. HP: 49/49 MP: 7/7
  3090 | D:4      | Demolished by an ogre

Illustrated notes

Levels and vault maps discovered:
D:1:      co_arrival_random_square_maze, layout_loops_ring
D:2:      layout_loops_ring, uniq_robin, uniq_crazy_yiuf_cottage, uniq_sigmund
D:3:      layout_loops_ring, marbit_many_paths, minmay_between
D:4:      layout_basic, uniq_natasha

Skill      XL: |  1  2  3  4  5  6 |
---------------+-------------------+-----
Maces & Flails | 3 4 5 |  5.1
Stealth        | 3 4 |  4.0
Fighting       | 4 |  4.8
Translocations | 1 |  1.4
Dodging        | |  3.0
Shields        | |  3.0

Action                   |  1- 3 |  4- 6 |  7- 9 || total
-------------------------+-------+-------+-------++-------
Melee: Flail             |    62 |    63 |       ||   125
       Constrict         |    19 |    20 |       ||    39
       Tentacles         |     8 |    18 |       ||    26
       Unarmed           |    11 |       |       ||    11
Throw: Dart              |       |       |     1 ||     1
Evoke: Wand              |       |     9 |     1 ||    10
  Use: Scroll            |     4 |     9 |     1 ||    14
       Potion            |     1 |       |       ||     1
 Stab: Sleeping          |     7 |     7 |       ||    14
       Distracted        |     1 |     1 |       ||     2
Armor: Skin              |     3 |     2 |       ||     5
Dodge: Dodged            |    23 |    20 |       ||    43
Block: Kite shield       |    28 |    24 |       ||    52
       Other             |     1 |       |       ||     1

Table legend: (Time is in decaauts)
 A = Elapsed time spent in this place.
 B = Non-inter-level travel time spent in this place.
 C = Inter-level travel time spent in this place.
 D = Time resting spent in this place.
 E = Time spent auto-exploring this place.
 F = Levels seen in this place.
 G = Mean time per level.
                   A        B        C        D        E       F      G
               +--------+--------+--------+--------+--------+-----+--------+
         Total |   3124 |   3037 |     87 |    185 |   2280 |   4 |  781.0 |
       Dungeon |   3124 |   3037 |     87 |    185 |   2280 |   4 |  781.0 |
               +--------+--------+--------+--------+--------+-----+--------+

Top non-repeatable levels by time:
     D:1: 1027 daAuts
     D:2: 917 daAuts
     D:3: 818 daAuts
     D:4: 360 daAuts
